 Dungeon Crawl Stone Soup version 0.18-a0-750-g37044d6 (webtiles) character file.

378447 Ijustatesigmund the Eclecticist (level 22, -28/114 HPs)
             Began as a Spriggan Warper on Dec 9, 2015.
             Was the Champion of Dithmenos.
             Annihilated by an ettin
             ... wielding a +1 dire flail of holy wrath
              (30 damage)
             ... on level 4 of the Vaults on Dec 11, 2015.
             The game lasted 08:51:11 (71559 turns).

Ijustatesigmund the Eclecticist (Spriggan Warper)  Turns: 71559, Time: 08:51:11

Health: -28/114    AC: 12    Str:  7    XL:     22   Next: 14%
Magic:  39/48      EV: 36    Int: 32    God:    Dithmenos [******]
Gold:   1142       SH: 13    Dex: 14    Spells: 16 memorised, 2 levels left

rFire  + . .     SeeInvis +     r - +9 short sword (freeze)
rCold  + + .     Clarity  .     W - +2 robe {Archmagi}
rNeg   + . .     SustAt   .     c - +3 buckler {AC+3}
rPois  .         Gourm    .     (helmet restricted)
rElec  +         Spirit   .     u - +2 cloak of Vefafui {+Fly rF+ rC+ Dex-3}
rCorr  .         Dismiss  .     (gloves unavailable)
rMut   .         Stasis   .     (boots unavailable)
MR     +++..                    w - amulet of faith
Stlth  ++++++++++               y - +5 ring of intelligence
                                g - ring of Trepidation {rElec rC+ rN+ Int+4 Stlth-}

@: phasing, wreathed by umbra, studying Short Blades, repel missiles, very
quick, extremely resistant to hostile enchantments, uncannily stealthy
A: unfitting armour, large bone plates 1, see invisible, herbivore 3, speed 3,
high mp 1, slow metabolism 2
a: Shadow Step, Shadow Form, Renounce Religion, Evoke Flight
}: 1/15 runes: barnacled


You were on level 4 of the Vaults.
You worshipped Dithmenos.
Dithmenos was exalted by your worship.
You were not hungry.

You visited 9 branches of the dungeon, and saw 45 of its levels.
You visited the Abyss 1 time.
You visited 1 bazaar.
You also visited: Bailey and Volcano.

You collected 5030 gold pieces.
You spent 3888 gold pieces at shops.

Inventory:

Hand Weapons
 k - a +7 quick blade
 r - a +9 short sword of freezing (weapon)
Missiles
 G - 7 throwing nets (quivered)
Armour
 c - a +3 buckler of protection (worn)
 u - the +2 cloak of Vefafui (worn) {+Fly rF+ rC+ Dex-3}
   (You found it on level 3 of the Elven Halls)

   It affects your dexterity (-3).
   It protects you from fire.
   It protects you from cold.
   It lets you fly.
 W - a +2 robe of the Archmagi (worn)
Rods
 v - a +2 rod of inaccuracy (16/16)
   (You found it on level 7 of the Dungeon)
 I - a -2 rod of shadows (13/13)
   (You found it on level 5 of the Lair of Beasts)
Jewellery
 g - the ring of Trepidation (left hand) {rElec rC+ rN+ Int+4 Stlth-}
   (You bought it in a shop on level 4 of the Orcish Mines)

   [ring of protection from cold]

   It affects your intelligence (+4).
   It protects you from cold.
   It insulates you from electricity.
   It protects you from negative energy.
   It makes you less stealthy.
 q - a +3 ring of slaying
 w - an amulet of faith (around neck)
 y - a +5 ring of intelligence (right hand)
 J - an uncursed ring of positive energy
 S - an uncursed ring of protection from cold
 U - an uncursed ring of protection from magic
Wands
 e - a wand of digging (13)
 j - a wand of disintegration (10)
 o - a wand of lightning (1)
 s - a wand of paralysis (14)
 K - a wand of teleportation (8)
 L - a wand of heal wounds (7)
Scrolls
 a - 3 scrolls of identify
 d - 3 scrolls of blinking
 h - 8 scrolls of fear
 i - a scroll of enchant armour
 t - 3 scrolls of recharging
 A - 15 scrolls of remove curse
 D - 2 scrolls of teleportation
 F - 4 scrolls of magic mapping
 R - a scroll of holy word
 V - 6 scrolls of amnesia
 Y - a scroll of fog
Potions
 b - 7 potions of curing
 m - 4 potions of agility
 n - 4 potions of brilliance
 z - 6 potions of flight
 H - 6 potions of might
 M - 2 potions of berserk rage
 N - 9 potions of resistance
 O - a potion of haste
 P - 5 potions of heal wounds
 Q - 2 potions of invisibility
Books
 B - a manual of Short Blades
Miscellaneous
 l - a piece from Xom's chessboard
 p - a disc of storms
 Z - a piece from Xom's chessboard
Comestibles
 f - 11 bread rations


   Skills:
 - Level 11.6 Fighting
 + Level 16.4 Short Blades
   Level 4.7(5.0) Slings
 - Level 2.0(3.2) Throwing
 - Level 2.3 Armour
 - Level 15.0 Dodging
 - Level 15.5 Stealth
 - Level 7.5 Shields
 - Level 17.3 Spellcasting
 - Level 11.7 Conjurations
 - Level 12.5 Hexes
 - Level 9.0 Charms
 - Level 3.0 Necromancy
 - Level 10.0 Translocations
 - Level 6.0 Transmutations
 - Level 9.0 Ice Magic
 - Level 9.0 Air Magic
 - Level 10.1 Invocations
 - Level 8.0 Evocations


You had 2 spell levels left.
You knew the following spells:

 Your Spells              Type           Power        Failure   Level  Hunger
a - Apportation           Tloc           #######...   1%          1    None
b - Blink                 Tloc           N/A          1%          2    None
c - Shroud of Golubria    Chrm/Tloc      #######...   1%          2    None
d - Ensorcelled Hibernat  Hex/Ice        ######       1%          2    None
f - Dazzling Spray        Conj/Hex       ########     1%          3    None
g - Repel Missiles        Chrm/Air       ######       1%          2    None
h - Passage of Golubria   Tloc           N/A          1%          4    None
i - Regeneration          Chrm/Necr      #######...   1%          3    None
j - Freezing Cloud        Conj/Ice/Air   #######...   4%          6    None
k - Phase Shift           Tloc           #######...   1%          5    None
l - Gell's Gravitas       Hex/Tloc       ########..   1%          3    None
m - Yara's Violent Unrav  Hex/Trmt       #######...   1%          5    None
n - Cure Poison           Pois           #####.....   2%          2    None
o - Mephitic Cloud        Conj/Pois/Air  #######.     1%          3    None
p - Darkness              Hex            ########..   1%          6    None
q - Condensation Shield   Ice            #######...   1%          4    None


Dungeon Overview and Level Annotations

Branches:
Dungeon (15/15)            Temple (1/1) D:6            Lair (8/8) D:10
 Shoals (4/4) Lair:4       Spider (2/4) Lair:6        Slime (0/6) Lair:6
    Orc (4/4) D:9             Elf (3/3) Orc:3        Vaults (5/5) D:13
  Crypt (0/3) Vaults:2     Depths (3/5) D:15

Altars:
Cheibriados
Dithmenos
Elyvilon
Fedhas
Gozag
Nemelex Xobeh
Okawaru
Pakellas
Qazlal
Ru
Trog
Vehumet
Xom
The Shining One
Beogh
Jiyva

Shops:
D:11 (   Orc:1 *   Orc:3 (   Orc:4 =[([   Vaults:1 ?   Vaults:2 *   Vaults:3 :
Depths:1 !

Portals:
Hell: Depths:1 Depths:2
Trove: D:11 (give 2 scrolls of acquirement)

Annotations:
D:4 JokEr's ghost, amateur GrFi
D:13 Norris; Rupert
Shoals:4 xeno23's ghost, adept HuMo
Elf:2 3 runed doors
Elf:3 exclusion: orange crystal statue


Innate Abilities, Weirdness & Mutations

You are tiny and cannot use many weapons and most armour.
You have supernaturally acute eyesight.
You are a herbivore.
You cover ground extremely quickly.
You need consume almost no food.
You are partially covered in large bone plates (AC +2, SH +2).
You have an increased reservoir of magic (+10% MP).


Message History

You climb upwards.
There is a stone staircase leading down here.
Casting: Phase Shift
Confirm with . or Enter, or press ? or * to list all spells.
You feel a surge of power!
You feel jittery for a moment. The vault guard misses you.
The vault guard closely misses you.
The vault guard completely misses you. x2
The ettin hits you with a dire flail of holy wrath!
* * * LOW HITPOINT WARNING * * *
You block the ettin's attack.
The vault guard hits you but does no damage.
Casting: Blink
Confirm with . or Enter, or press ? or * to list all spells.
You feel a surge of power!
You feel jittery for a moment. The vault guard closely misses you.
The vault guard completely misses you. You block the vault guard's attack.
The vault guard hits you with a great mace!
* * * LOW HITPOINT WARNING * * *
The ettin hits you with a dire flail of holy wrath!!
You die...

###......'...##.###.....###.# #
#......#...###.#.#...#.#.## ###
#.###..##..##..#..#.#..#..###).
###.###..###.'...'...#...'...([)>
..####....#####..#..#.#..#..###).
..# #......# ##.#.#...#.#.## ###
..# #......# #.###[....###.#
..####....#####pp####'####..#
..#.###..###.##p@C#...))#.>.#
###..###'##..##pppp#.<)#....# #
#...'......########.####### #
#...#......# ### # #.###..##..# #
#.###..###.# # ####....#### #
#......# ### # ###'#''### ###..


You could see 7 vault guards and an ettin.

Vanquished Creatures
  Mara (Elf:3)
  Sojobo (Depths:1)
  Arachne (Spider:2)
  4 liches
  A tentacled monstrosity (Depths:2)
  Asterion (Elf:3)
  A titan (Depths:2)
  2 deep elf master archers (Elf:3)
  A quicksilver dragon (D:15)
  A sphinx (Depths:2)
  3 ancient champions (Vaults:2)
  Kirke (D:12)
  Agnes (Vaults:2)
  Wiglaf (Elf:3)
  3 tengu reavers
  Maud (D:10)
  8 deep elf sorcerers
  2 orc warlords
  9 vault wardens
  Louise (Vaults:2)
  10 ironheart preservers
  A spriggan defender (Vaults:2)
  A war gargoyle (Depths:3)
  12 stone giants
  4 very ugly things
  10 deep elf demonologists
  A salamander stormcaller (Depths:3)
  10 deep elf annihilators
  10 deep elf death magi
  3 merfolk javelineers
  4 ettins
  2 crystal guardians (Depths:3)
  8 deep elf high priests
  12 vault guards
  10 merfolk impalers
  Snorg (Orc:2)
  A jiangshi (Vaults:2)
  7 fire dragons
  9 yaktaur captains
  Fannar (Lair:1)
  3 entropy weavers
  The ghost of Zebura the Grappler, a journeyman TrFi of Zin (D:13)
  3 ice dragons
  A great orb of eyes (Depths:1)
  3 rakshasas
  Harold (Orc:2)
  8 hydras
  A spriggan air mage (Depths:2)
  6 merfolk aquamancers
  A catoblepas (Lair:8)
  4 merfolk avatars
  Erica (D:8)
  5 dancing weapons
  A ghost crab (shapeshifter) (Depths:1)
  A queen ant (Lair:2)
  12 ogre magi
  9 centaur warriors
  2 deep troll shamans (Depths:2)
  An alligator snapping turtle (Shoals:3)
  3 tengu warriors
  17 death yaks
  5 satyrs (Shoals:4)
  3 deep troll earth magi
  Urug (D:11)
  3 orc high priests
  12 deep elf knights
  A hell knight (Vaults:2)
  Nergalle (Orc:3)
  10 deep trolls
  A fire crab (shapeshifter) (Elf:1)
  15 sea snakes
  10 deep elf summoners
  An unseen horror (shapeshifter) (Elf:3)
  A necromancer (D:9)
  A harpy (shapeshifter) (Vaults:1)
  A phantasmal warrior (Vaults:2)
  5 giant orange brains
  Pikel (D:7)
  5 hill giants
  15 orc knights
  3 unseen horrors
  8 ironbrand convokers
  3 flayed ghosts
  A hornet (shapeshifter) (Vaults:1)
  A mana viper (shapeshifter) (Depths:3)
  5 orb spiders
  5 harpies
  An orb spider (shapeshifter) (D:15)
  3 statues (Volcano)
  11 cyclopes
  2 manticores (shapeshifter) (Depths:3)
  2 salamanders (shapeshifter)
  7 griffons
  2 hornets
  6 orc sorcerers
  37 ugly things
  14 deep elf conjurers
  11 wolf spiders
  8 water nymphs
  A water nymph (shapeshifter) (Vaults:2)
  9 fauns
  A guardian serpent (Lair:8)
  An octopode (shapeshifter) (Vaults:1)
  A black mamba (shapeshifter) (Depths:3)
  A guardian serpent (shapeshifter) (Depths:1)
  2 molten gargoyles (Depths:3)
  10 vault sentinels
  27 elephants
  Joseph (Lair:1)
  11 manticores
  9 sirens
  A spiny frog (shapeshifter) (Vaults:4)
  2 moths of wrath
  Maurice (D:11)
  9 gargoyles
  Psyche (D:9)
  9 black mambas
  A torpor snail (Lair:7)
  4 fire drakes
  2 demonic crawlers (Spider:1)
  22 spiny frogs
  3 kobold demonologists
  12 komodo dragons
  A small abomination (Elf:2)
  2 efreet (D:15)
  36 yaktaurs
  3 spriggan druids (Lair:7)
  8 trolls
  9 deep elf priests
  22 merfolk
  3 freezing wraiths
  31 slime creatures
  5 wind drakes
  13 jumping spiders
  Prince Ribbit (D:7)
  A fire giant simulacrum (Vaults:1)
  5 boulder beetles
  15 two-headed ogres
  10 blink frogs (Lair:2)
  8 snapping turtles
  6 air elementals
  8 trapdoor spiders
  40 redbacks
  12 spriggans (Lair:7)
  21 water elementals
  13 tarantellas
  6 wyverns
  5 basilisks
  23 deep elf magi
  31 yaks
  4 fire bats (Volcano)
  5 hogs
  A spriggan (shapeshifter) (Elf:2)
  36 deep elf fighters
  A tarantella (shapeshifter) (Depths:1)
  4 steam dragons (Lair:8)
  2 wraiths
  2 mottled dragons
  8 hippogriffs
  A wolf (shapeshifter) (Depths:3)
  A warg (shapeshifter) (Depths:3)
  14 humans
  Edmund (D:6)
  9 wargs
  6 vampire mosquitoes
  22 water moccasins
  6 porcupines
  6 wolves (Lair:8)
  A swamp drake (Lair:8)
  3 soldier ants (Lair:2)
  A slave (D:7)
  A black bear (shapeshifter) (Vaults:2)
  An ettin simulacrum (Vaults:3)
  2 ice beasts
  46 ogres
  77 orc warriors
  2 eyes of draining
  2 phantoms
  5 sky beasts
  12 wasps
  2 large abominations
  12 boggarts
  18 crocodiles
  7 big kobolds
  4 elf zombies (Elf:1)
  11 centaurs
  22 giant frogs
  4 earth elementals (Depths:3)
  A gnoll sergeant (D:6)
  5 scorpions
  25 killer bees
  3 electric eels
  5 wights (D:6)
  A centaur zombie (D:7)
  4 crimson imps
  3 hounds
  2 lava snakes (Volcano)
  A quasit (D:9)
  2 human simulacra (Vaults:2)
  6 jellies
  A giant frog skeleton (D:12)
  5 centaur skeletons
  13 iguanas
  A gnoll shaman (D:9)
  Ijyb (D:2)
  33 orc priests
  3 polar bear simulacra (D:9)
  3 yak simulacra (D:9)
  27 worker ants
  37 orc wizards
  53 sheep
  3 wolf simulacra (D:9)
  A hound zombie (D:6)
  A hound skeleton (D:6)
  2 worker ant zombies
  68 river rats
  16 gnolls
  17 adders
  3 shadow imps
  9 white imps (Orc:3)
  2 oozes
  8 worms
  2 adder zombies
  10 giant geckos
  195 orcs
  A ball python (D:5)
  7 giant cockroaches
  28 goblins
  16 hobgoblins
  7 jackals
  32 kobolds
  5 quokkas
  13 bats
  A giant gecko skeleton (D:4)
  3 giant newts
  A jackal zombie (D:3)
  5 rats
  A river rat simulacrum (D:9)
  A crawling corpse (Elf:2)
  A fungus (Lair:5)
  5 plants
2007 creatures vanquished.

Vanquished Creatures (others)
  Ilsuiw (Shoals:4)
  An ogre mage (Depths:2)
  A faun (Shoals:4)
  3 statues (Volcano)
  A kobold demonologist (Vaults:1)
  A fire drake (Volcano)
  3 yaktaurs
  A slime creature (Vaults:1)
  A vampire mosquito (D:12)
  A warg (Orc:4)
  3 orc warriors
  An ogre (Depths:1)
  A crimson imp (D:7)
  2 orc wizards
  2 gnolls (Bailey)
  3 white imps (Orc:3)
  A ball lightning (Depths:3)
  9 orcs
  2 goblins (Bailey)
  30 fungi
  34 plants
102 creatures vanquished.

Grand Total: 2109 creatures vanquished

Notes
Turn   | Place    | Note
--------------------------------------------------------------
     0 | D:1      | Ijustatesigmund the Spriggan Warper began the quest for the Orb.
     0 | D:1      | Reached XP level 1. HP: 10/10 MP: 5/5
   107 | D:1      | Reached XP level 2. HP: 11/14 MP: 5/7
   551 | D:1      | Found a shimmering altar of Xom.
   979 | D:1      | Reached skill level 1 in Stealth
  1323 | D:1      | Reached XP level 3. HP: 15/18 MP: 9/9
  1469 | D:1      | Learned a level 2 spell: Blink
  1472 | D:1      | Learned a level 2 spell: Shroud of Golubria
  2698 | D:2      | Reached XP level 4. HP: 14/22 MP: 11/11
  3070 | D:2      | Noticed Ijyb
  3096 | D:2      | Killed Ijyb
  3647 | D:2      | Reached skill level 5 in Stealth
  4002 | D:3      | Reached XP level 5. HP: 25/25 MP: 12/12
  4086 | D:3      | Reached skill level 1 in Charms
  4359 | D:3      | Gained mutation: You are partially covered in large bone plates (AC +2, SH +2). [potion of mutation]
  4359 | D:3      | Gained mutation: You can spit weak poison. [potion of mutation]
  4359 | D:3      | Gained mutation: You have an increased reservoir of magic (+10% MP). [potion of mutation]
  4655 | D:4      | Found a sacrificial altar of Ru.
  4678 | D:4      | Noticed JokEr's ghost (amateur GrFi)
  4893 | D:5      | Entered Level 5 of the Dungeon
  4901 | D:5      | HP: 1/25 [killer bee (8)]
  4904 | D:5      | Reached skill level 5 in Spellcasting
  5226 | D:5      | Reached XP level 6. HP: 24/30 MP: 14/16
  5230 | D:5      | Learned a level 2 spell: Ensorcelled Hibernation
  5696 | D:5      | Found a blossoming altar of Fedhas.
  5901 | D:5      | Found a stormy altar of Qazlal.
  5993 | D:4      | HP: 1/30 [killer bee (7)]
  5998 | D:4      | Reached skill level 6 in Spellcasting
  6345 | D:5      | Reached XP level 7. HP: 35/35 MP: 18/20
  6444 | D:5      | Reached skill level 1 in Hexes
  6554 | D:6      | Found a staircase to the Ecumenical Temple.
  6573 | D:6      | Noticed Edmund
  6790 | D:7      | Found a snail-covered altar of Cheibriados.
  7014 | D:6      | Reached skill level 1 in Ice Magic
  7336 | Temple   | Entered the Ecumenical Temple
  7340 | Temple   | Became a worshipper of Dithmenos the Shadowed
  7804 | D:4      | Learned a level 1 spell: Corona
  8000 | D:4      | Reached skill level 5 in Dodging
  8237 | D:4      | Reached XP level 8. HP: 34/39 MP: 11/21
  8244 | D:4      | Learned a level 3 spell: Dazzling Spray
  8549 | D:7      | Noticed Pikel
  8856 | D:7      | Noticed Prince Ribbit
  8981 | D:7      | Killed Prince Ribbit
  8981 | D:7      | Reached skill level 7 in Stealth
  9070 | D:7      | Reached skill level 1 in Invocations
  9463 | D:7      | Killed Pikel
  9463 | D:7      | Reached skill level 5 in Short Blades
  9602 | D:7      | Reached * piety under Dithmenos
  9660 | D:7      | Reached XP level 9. HP: 31/42 MP: 17/22
  9718 | D:7      | Identified a +1 rod of inaccuracy (14/14) (You found it on level 7 of the Dungeon)
  9875 | D:7      | Reached skill level 5 in Invocations
 10385 | D:8      | Reached ** piety under Dithmenos
 10412 | D:8      | Noticed Erica
 10418 | D:8      | Killed Erica
 10418 | D:8      | Reached skill level 8 in Short Blades
 10846 | D:9      | Found a staircase to the Orcish Mines.
 10888 | D:9      | Reached XP level 10. HP: 35/46 MP: 18/23
 10893 | D:9      | Reached skill level 1 in Conjurations
 10944 | D:9      | Identified Yfys's Casting in Simple Steps
 10952 | D:9      | Noticed Psyche
 10976 | D:9      | Found an opulent altar of Gozag.
 10977 | D:9      | Found a white marble altar of Elyvilon.
 10979 | D:9      | Found a sparkling altar of Nemelex Xobeh.
 11053 | D:9      | Noticed a necromancer
 11076 | D:9      | Found an oddly glowing altar of Pakellas.
 11122 | D:9      | Found a flagged portal.
 11129 | Bailey   | Entered a bailey
 11508 | Bailey   | Noticed an orc knight
 11560 | Bailey   | Killed an orc knight
 11586 | Bailey   | Noticed an orc knight
 11594 | Bailey   | Noticed an orc knight
 11595 | Bailey   | Noticed an orc knight
 11624 | Bailey   | Killed an orc knight
 11738 | Bailey   | Killed an orc knight
 11747 | Bailey   | Noticed an orc warlord
 11748 | Bailey   | Reached *** piety under Dithmenos
 11748 | Bailey   | Reached skill level 9 in Spellcasting
 12741 | D:6      | Killed Edmund
 13278 | D:9      | Killed Psyche
 13278 | D:9      | Reached XP level 11. HP: 48/54 MP: 22/27
 13363 | D:9      | Killed a necromancer
 13504 | D:9      | Reached **** piety under Dithmenos
 13510 | D:9      | Learned a level 2 spell: Repel Missiles
 13515 | D:9      | Learned a level 4 spell: Passage of Golubria
 13548 | D:10     | Entered Level 10 of the Dungeon
 13865 | D:10     | Noticed Maud
 13883 | D:10     | Killed Maud
 13883 | D:10     | Reached skill level 10 in Dodging
 13883 | D:10     | Reached skill level 10 in Stealth
 14071 | D:10     | Found a staircase to the Lair.
 14073 | D:10     | Noticed a death yak
 14102 | D:10     | Killed a death yak
 14102 | D:10     | Reached skill level 11 in Dodging
 14249 | Lair:1   | Entered Level 1 of the Lair of Beasts
 14501 | D:11     | Found Wuuge's Weapon Boutique.
 14580 | D:11     | Noticed Urug
 14588 | D:11     | Killed Urug
 15026 | D:11     | Reached skill level 5 in Hexes
 15035 | D:11     | Found a portal to a secret trove of treasure.
 15045 | D:11     | Noticed Maurice
 15047 | D:11     | Killed Maurice
 15274 | D:11     | Noticed a hill giant
 15285 | D:11     | Noticed an unseen horror
 15305 | D:11     | Killed an unseen horror
 15320 | D:11     | Reached skill level 5 in Ice Magic
 15330 | D:11     | Killed a hill giant
 15330 | D:11     | Reached XP level 12. HP: 58/58 MP: 7/28
 15629 | D:12     | Reached ***** piety under Dithmenos
 15765 | D:12     | Noticed Kirke
 15772 | D:12     | Killed Kirke
 15772 | D:12     | Reached skill level 5 in Fighting
 16120 | D:13     | Noticed Rupert
 16161 | D:13     | Noticed Zebura's ghost (journeyman TrFi)
 16271 | Orc:1    | Entered Level 1 of the Orcish Mines
 16288 | Orc:1    | Reached skill level 5 in Translocations
 16298 | Orc:1    | Found Heitab's Assorted Antiques.
 16550 | Orc:1    | Bought a scroll of teleportation for 60 gold pieces
 16550 | Orc:1    | Bought a scroll of identify for 40 gold pieces
 16557 | Orc:1    | Found a bloodstained altar of Trog.
 17037 | Orc:2    | Noticed Harold
 17041 | Orc:2    | Killed Harold
 17332 | Orc:2    | Noticed Snorg
 17406 | Orc:3    | Noticed Nergalle
 17413 | Orc:4    | Entered Level 4 of the Orcish Mines
 17419 | Orc:3    | Found a staircase to the Elven Halls.
 17419 | Orc:3    | Found Vegyll's Weapon Emporium.
 17463 | Orc:3    | Found a frozen archway.
 17518 | Orc:3    | Found a dark tunnel.
 17525 | Volcano  | Entered a volcano
 17991 | Volcano  | Found a burning altar of Makhleb.
 18374 | Orc:4    | Found a roughly hewn altar of Beogh.
 18384 | Orc:4    | Found a roughly hewn altar of Beogh.
 18385 | Orc:4    | Found Vitraklu's Armour Emporium.
 18557 | Orc:4    | Found a gateway to a bazaar.
 18562 | Bazaar   | Entered a bazaar
 18564 | Bazaar   | Found Ytill's Armour Boutique.
 18568 | Bazaar   | Found Moshuded's Jewellery Boutique.
 18568 | Bazaar   | Found Xuepruenk's Armour Boutique.
 18569 | Bazaar   | Found Matucw's Assorted Antiques.
 18602 | Bazaar   | Bought the +1 buckler of Indemnity {rElec SInv} for 360 gold pieces
 18610 | Bazaar   | Bought a glass wand for 80 gold pieces
 18610 | Bazaar   | Bought a scroll labeled WAXKAITEDE for 20 gold pieces
 18610 | Bazaar   | Bought a small ruby ring for 100 gold pieces
 18610 | Bazaar   | Bought a scroll labeled ACWURHIQE for 20 gold pieces
 18626 | Bazaar   | Bought a +1 robe of the Archmagi for 425 gold pieces
 18847 | Orc:4    | Found a roughly hewn altar of Beogh.
 18968 | Orc:4    | Reached skill level 1 in Shields
 19043 | Orc:4    | Found a roughly hewn altar of Beogh.
 19107 | Orc:4    | Reached XP level 13. HP: 43/67 MP: 25/29
 19353 | Orc:4    | Found a roughly hewn altar of Beogh.
 20176 | Orc:3    | Noticed an orc warlord
 20401 | Orc:3    | Found a radiant altar of Vehumet.
 20412 | Orc:3    | Killed Nergalle
 20542 | Orc:2    | Reached ****** piety under Dithmenos
 20599 | Orc:2    | Upgraded the game from 0.18-a0-731-ga019a5f to 0.18-a0-739-gdae9da8
 20706 | Orc:4    | Found a roughly hewn altar of Beogh.
 21344 | Orc:4    | Noticed an orc warlord
 21486 | Orc:4    | Found a roughly hewn altar of Beogh.
 21486 | Orc:4    | Found Guloz's Antique Armour Emporium.
 21501 | Orc:4    | HP: 3/67 [orc priest/divine providence (15)]
 21856 | Orc:4    | Found Fumivvi's Antique Weapon Shoppe.
 22004 | Orc:4    | Cast into level 2 of the Abyss (a distortion unwield)
 22045 | Orc:4    | Escaped the Abyss
 22098 | Orc:4    | Killed an orc warlord
 22098 | Orc:4    | Reached skill level 5 in Shields
 22127 | Orc:4    | Found a roughly hewn altar of Beogh.
 22129 | Orc:4    | Found Ylis's Jewellery Boutique.
 22735 | Orc:3    | Reached skill level 1 in Evocations
 22936 | Orc:3    | Killed an orc warlord
 23116 | Orc:3    | Reached skill level 10 in Spellcasting
 23706 | Orc:3    | Found a roughly hewn altar of Beogh.
 24144 | Orc:2    | Killed Snorg
 24397 | Lair:1   | Noticed Fannar
 24405 | Lair:1   | Killed Fannar
 24709 | Lair:1   | Noticed Joseph
 24719 | Lair:1   | Killed Joseph
 25068 | Lair:2   | Reached skill level 5 in Evocations
 25264 | Lair:2   | Reached XP level 14. HP: 73/73 MP: 27/32
 27046 | Lair:4   | Found a staircase to the Shoals.
 27362 | Lair:5   | Identified a -2 rod of shadows (13/13) (You found it on level 5 of the Lair of Beasts)
 27413 | Lair:5   | Reached skill level 12 in Spellcasting
 28142 | Lair:6   | Learned a level 3 spell: Regeneration
 28196 | Lair:6   | Learned a level 6 spell: Freezing Cloud
 28375 | Lair:6   | Found a staircase to the Slime Pits.
 28375 | Lair:6   | Found a viscous altar of Jiyva.
 28596 | Lair:6   | Reached XP level 15. HP: 79/79 MP: 35/35
 28655 | Lair:6   | Found a hole to the Spider Nest.
 28667 | Spider:1 | Entered Level 1 of the Spider Nest
 28686 | Lair:6   | Reached skill level 1 in Air Magic
 30412 | Lair:7   | Reached skill level 5 in Conjurations
 30555 | Lair:7   | Reached XP level 16. HP: 45/84 MP: 4/36
 31172 | Lair:8   | Entered Level 8 of the Lair of Beasts
 31179 | Lair:8   | Reached skill level 10 in Short Blades
 32108 | Lair:8   | Reached skill level 1 in Necromancy
 32929 | Lair:7   | Reached skill level 5 in Charms
 34308 | Shoals:1 | Entered Level 1 of the Shoals
 34366 | Shoals:1 | You fall through a shaft!
 34428 | Shoals:1 | Found a runed door.
 34875 | Shoals:1 | Reached skill level 5 in Air Magic
 35672 | Shoals:4 | Entered Level 4 of the Shoals
 35685 | Shoals:4 | Learned a level 5 spell: Phase Shift
 36170 | Shoals:3 | Reached XP level 17. HP: 81/87 MP: 27/37
 37077 | Spider:1 | Reached skill level 10 in Translocations
 37748 | Spider:1 | Reached skill level 13 in Spellcasting
 38263 | Spider:2 | Noticed Arachne
 38267 | Spider:2 | Killed Arachne
 38504 | Spider:2 | Learned a level 3 spell: Gell's Gravitas
 39084 | Lair:1   | Learned a level 5 spell: Yara's Violent Unravelling
 39087 | Lair:1   | Learned a level 2 spell: Cure Poison
 39132 | D:13     | Found a gate to the Vaults.
 39132 | D:13     | Noticed Norris
 39334 | Elf:1    | Entered Level 1 of the Elven Halls
 39559 | Elf:1    | Reached skill level 1 in Transmutations
 39767 | Elf:1    | Identified the Reference Book on Dark Arts
 40187 | Elf:1    | Reached skill level 14 in Spellcasting
 41236 | Elf:2    | Found a runed gate.
 41238 | Elf:2    | Found a runed gate.
 41239 | Elf:2    | Found a runed gate.
 41477 | Elf:3    | Entered Level 3 of the Elven Halls
 41521 | Elf:3    | Noticed Asterion
 41523 | Elf:3    | Killed Asterion
 41773 | Elf:3    | Noticed Mara
 41858 | Elf:3    | Noticed Wiglaf
 41866 | Elf:3    | Killed Wiglaf
 42362 | Elf:1    | Reached skill level 1 in Armour
 42522 | Lair:1   | Learned a level 3 spell: Mephitic Cloud
 42745 | Shoals:4 | Noticed Ilsuiw
 42768 | Shoals:4 | Noticed xeno23's ghost (adept HuMo)
 43262 | Shoals:3 | Reached XP level 18. HP: 92/92 MP: 36/41
 44427 | Shoals:3 | Upgraded the game from 0.18-a0-739-gdae9da8 to 0.18-a0-750-g37044d6
 44766 | Shoals:3 | Reached skill level 15 in Spellcasting
 45397 | Shoals:4 | Killed Ilsuiw
 45860 | Shoals:4 | Reached skill level 10 in Hexes
 47020 | Shoals:4 | Got a barnacled rune of Zot
 47591 | Vaults:1 | Entered Level 1 of the Vaults
 47813 | Vaults:1 | Noticed a lich
 47818 | Vaults:1 | Killed a lich
 47976 | Vaults:1 | Found Ceblos's Magic Scroll Shop.
 47984 | Vaults:1 | Bought a scroll of teleportation for 45 gold pieces
 47984 | Vaults:1 | Bought a scroll of teleportation for 45 gold pieces
 47984 | Vaults:1 | Bought a scroll of blinking for 112 gold pieces
 47984 | Vaults:1 | Bought a scroll of acquirement for 780 gold pieces
 49402 | Vaults:1 | Reached skill level 10 in Fighting
 49420 | Vaults:1 | Reached XP level 19. HP: 98/98 MP: 40/42
 50291 | Vaults:2 | Found Jakk's Assorted Antiques.
 50299 | Vaults:2 | Bought a large ivory ring for 145 gold pieces
 50402 | Vaults:2 | Noticed Agnes
 50465 | Vaults:2 | Killed Agnes
 51735 | Vaults:2 | Found a staircase to the Crypt.
 51929 | Vaults:2 | Reached skill level 10 in Invocations
 52402 | Vaults:2 | Noticed Louise
 52430 | Vaults:2 | Killed Louise
 52947 | Vaults:2 | Reached skill level 15 in Stealth
 54221 | Vaults:3 | Found Muhusiot's Book Emporium.
 55041 | Vaults:4 | Reached skill level 16 in Spellcasting
 55532 | Orc:4    | Bought a +5 ring of dexterity for 453 gold pieces
 55532 | Orc:4    | Bought a +5 ring of intelligence for 453 gold pieces
 55535 | Orc:4    | Bought the ring of Trepidation {rElec rC+ rN+ Int+4 Stlth-} for 552 gold pieces
 55836 | D:13     | Killed Zebura's ghost
 56559 | D:14     | Found a viscous altar of Jiyva.
 56658 | D:14     | Identified a -2 rod of inaccuracy (11/11) (You found it on level 14 of the Dungeon)
 56763 | D:15     | Entered Level 15 of the Dungeon
 57667 | D:15     | Found a staircase to the Depths.
 57818 | D:15     | Reached XP level 20. HP: 102/102 MP: 46/46
 58010 | Depths:1 | Entered Level 1 of the Depths
 58010 | Depths:1 | Found Neosecwu's Distillery.
 58036 | D:15     | Reached skill level 17 in Spellcasting
 58621 | Depths:1 | Bought a potion of heal wounds for 90 gold pieces
 58621 | Depths:1 | Bought 2 potions of curing for 108 gold pieces
 58629 | Depths:1 | Found a gateway to Hell.
 59396 | Depths:1 | Reached skill level 10 in Conjurations
 60166 | Depths:1 | Noticed Sojobo
 60523 | Depths:1 | Killed Sojobo
 63571 | Depths:3 | Reached XP level 21. HP: 93/107 MP: 17/47
 65083 | Elf:3    | Noticed Ijustatesigmund's illusion
 65156 | Elf:3    | Killed Mara
 65195 | Elf:3    | Learned a level 6 spell: Darkness
 66348 | Elf:3    | Reached skill level 15 in Dodging
 67290 | Elf:3    | Reached skill level 5 in Transmutations
 67812 | Elf:3    | Got a translucent cloak
 67818 | Elf:3    | Identified the +2 cloak of Vefafui {+Fly rF+ rC+ Dex-3} (You found it on level 3 of the Elven Halls)
 67993 | Elf:3    | Learned a level 4 spell: Condensation Shield
 70654 | Vaults:4 | Reached XP level 22. HP: 114/114 MP: 43/48
 70682 | Vaults:4 | Reached skill level 15 in Short Blades
 71167 | Vaults:5 | Entered Level 5 of the Vaults
 71559 | Vaults:4 | HP: 2/114 [vault guard/great mace (16)]
 71559 | Vaults:4 | Annihilated by an ettin

Vault maps used:
D:1:      minmay_arrival_plants_in_alcoves, serial_forest,
          infiniplex_forest_zigzag_2, infiniplex_forest_clump_medium,
          infiniplex_forest_lined_4_way, infiniplex_forest_clump_tiny,
          infiniplex_forest_corner_2, infiniplex_forest_diagonal,
          infiniplex_forest_end_2, infiniplex_forest_lined_room_,
          xom_teletrap_fun
D:2:      first_bread, hangedman_glass_teeth, uniq_iyjb
D:3:      grunt_ministairs_9
D:4:      st_stairs_6, nicolae_ru_great_annihilating_truth
D:5:      lemuel_crystal_altar, overflow_temple_1_default
D:6:      minmay_temple_entry_overgrown, uniq_edmund
D:7:      slow_altar_1, grunt_livestock, uniq_prince_ribbit1, uniq_pikel
D:8:      uniq_erica
D:9:      grunt_pakellas_salt, grunt_temple_overflow_open, enter_bailey_3,
          minivault_5, eino_house_with_fridge, uniq_psyche
D:10:     david_lair_generic, uniq_maud
D:11:     serial_shops, shop_statue, nicolae_trove_entry_crossroad,
          roderic_whirl, hangedman_decor_riveting, uniq_urug, uniq_maurice
D:12:     uniq_kirke
D:13:     david_vaults_3
D:14:     fountainhead, jiyva_altar_1, uniq_louise
D:15:     grunt_enter_depths_snipers, corexii_leaking_fountain,
          serial_park_tiny_2
Temple:   triangle_lava_temple_11
Lair:1:   uniq_fannar, uniq_joseph
Lair:2:   minmay_another_anthill
Lair:4:   minmay_shoals_entry_hut
Lair:5:   serial_forest, infiniplex_forest_lined_2,
          infiniplex_forest_lined_4_way, infiniplex_forest_clump_cross,
          infiniplex_forest_clump_small, infiniplex_forest_zigzag_2,
          infiniplex_forest_clump_double, infiniplex_forest_corner_1,
          wad_woods_road_02
Lair:6:   spider_nest_entry_webs, slime_altar_1
Lair:7:   forest_paths
Lair:8:   hangedman_lair_tendril_chambers, guppyfry_lair_end_dragon
Shoals:1: lightli_airlock
Shoals:2: ldierk_geyser
Shoals:3: nicolae_shoals_hunting_party
Shoals:4: shoals_end_grunt_garden, shoals_ilsuiw_alternative
Spider:2: nicolae_spider_cling_halls, uniq_arachne
Orc:1:    serial_shops, nicolae_shop_crystal, trog_butcher_becter
Orc:2:    uniq_rupert, uniq_harold, uniq_snorg
Orc:3:    orc_temple, enter_volcano_2, portal_ice_cave_entry_imps, serial_shops,
          shop, basic_altar, nicolae_orc_pool_cavern, uniq_nergalle
Orc:4:    grunt_orc_community_town_hall, grunt_orc_community_big_house_1,
          grunt_orc_community_big_house_1, grunt_orc_community_house_1,
          grunt_orc_community_house_1, grunt_orc_community_house_3,
          grunt_orc_community_house_3, grunt_orc_community_house_3,
          grunt_orc_community_house_1, serial_shops, bzr_entry_road, basic_altar
Elf:1:    eino_elf_arrival_the_gate, minmay_elf_necromancy
Elf:2:    basic_stair_grate_trap
Elf:3:    minmay_elf_hall_x, minivault_16, uniq_asterion, uniq_wiglaf, uniq_mara
Vaults:1: v_pattern_2, ontoclasm_vaults_eye, nicolae_vaults_arrows,
          ontoclasm_vaults_tryst, v_misc_26, v_misc_13, v_misc_31,
          vaults_room_hangedman_quadrants, nicolae_vaults_little_squares_6,
          vaults_mumra_chevron, vaults_dpeg_ring,
          nicolae_vaults_little_squares_1, serial_shops, nicolae_shop_trees
Vaults:2: vaults_room_corners, v_rooms_3, v_misc_2,
          minmay_crypt_entry_simple_walls, grunt_vaults_focal, sword_in_stone,
          grunt_vaults_funnel, v_misc_5, hangedman_vaults_snaps,
          ontoclasm_vaults_decontamination, serial_shops,
          nicolae_shop_competitors_out_of_business
Vaults:3: v_alt_pattern_5, hangedman_vaults_slice, vaults_dpeg_diagonal,
          ontoclasm_vaults_loading_screen, ontoclasm_vaults_ring_square,
          stair_cage_open, grunt_vaults_hallway_short, serial_shops, shop
Vaults:4: vaults_room_octagon, nicolae_vaults_rhombus_6, grunt_vaults_bifocal,
          nicolae_vaults_triangles, vaults_mumra_hexcomb,
          ontoclasm_vaults_twist, vaults_room_pool, vaults_standard_mumra_lines,
          nicolae_vaults_yaktaur_gun_rack, hangedman_vaults_locks,
          vaults_mumra_chevron_long, v_misc_14,
          vaults_standard_mumra_enter_the_diamond
Vaults:5: serial_shops
Depths:1: roderic_roman_lattice, serial_shops, shop, hell_entry,
          kennysheep_two_boxes, grunt_megastairs_5, serial_bayou_shore_a,
          serial_bayou_shore_b, uniq_sojobo
Depths:2: minmay_textured_paths, serial_sigils_hangedman_leer, hell_entry
Depths:3: radiant_caverns_a_rkd, pan_entry, hell_entry
Bazaar:   bazaar_minmay_cross
Bailey:   bailey_axe_minmay_hex_keep, bailey
Volcano:  volcano_grotto

Action                   |  1- 3 |  4- 6 |  7- 9 | 10-12 | 13-15 | 16-18 | 19-21 | 22-24 || total
-------------------------+-------+-------+-------+-------+-------+-------+-------+-------++-------
Melee: Short sword       |   214 |   247 |   268 |       |   264 |  1087 |  1109 |    88 ||  3277
       Dagger            |       |       |    17 |   757 |   521 |       |       |       ||  1295
       Quick blade       |       |       |       |       |       |       |   250 |       ||   250
Throw: Tomahawk          |       |     4 |     4 |     9 |    45 |   124 |     1 |       ||   187
       Throwing net      |       |       |       |       |       |       |    20 |       ||    20
 Cast: Ensorcelled Hiber |       |       |    78 |    92 |   166 |   317 |   182 |     6 ||   841
       Blink             |       |       |     3 |     1 |     3 |    11 |     8 |     3 ||    29
       Dazzling Spray    |       |       |     1 |    67 |   159 |   461 |   564 |    32 ||  1284
       Corona            |       |       |     1 |       |       |       |       |       ||     1
       Repel Missiles    |       |       |       |     3 |     2 |    10 |       |       ||    15
       Apportation       |       |       |       |       |       |    35 |     5 |       ||    40
       Regeneration      |       |       |       |       |       |    24 |    14 |     2 ||    40
       Gell's Gravitas   |       |       |       |       |       |     1 |       |       ||     1
       Shroud of Golubri |       |       |       |       |       |       |    28 |     1 ||    29
       Phase Shift       |       |       |       |       |       |       |    31 |     2 ||    33
       Freezing Cloud    |       |       |       |       |       |       |    63 |     6 ||    69
       Yara's Violent Un |       |       |       |       |       |       |     1 |       ||     1
       Darkness          |       |       |       |       |       |       |     6 |       ||     6
       Mephitic Cloud    |       |       |       |       |       |       |     2 |       ||     2
       Cure Poison       |       |       |       |       |       |       |     1 |       ||     1
Invok: Shadow Step       |       |       |       |     2 |     4 |    20 |    13 |       ||    39
       Shadow Form       |       |       |       |       |       |     1 |       |       ||     1
 Abil: Evoke Invisibilit |       |       |       |       |     1 |       |     1 |       ||     2
       Evoke Teleportati |       |       |       |       |     1 |       |       |       ||     1
Evoke: Rod               |       |       |       |       |     4 |       |       |       ||     4
       Wand              |       |       |       |       |       |    11 |    11 |     1 ||    23
       Phantom mirror    |       |       |       |       |       |       |     1 |       ||     1
  Use: Scroll            |     9 |     5 |     9 |    13 |    18 |    30 |    19 |       ||   103
       Potion            |       |     8 |       |     4 |     5 |    19 |     7 |     4 ||    47
 Stab: Sleeping          |     8 |    12 |    59 |    86 |   218 |   273 |   168 |     1 ||   825
       Invisible         |       |     2 |       |    18 |    47 |    88 |    99 |     2 ||   256
       Distracted        |       |       |     1 |    10 |     5 |     3 |     5 |     1 ||    25
       Held in net/web   |       |       |       |       |       |       |     8 |       ||     8
  Eat: Pizza             |       |     1 |     1 |     6 |     4 |     4 |     1 |       ||    17
       Fruit             |       |     2 |     4 |       |     5 |     3 |     3 |       ||    17
       Bread ration      |       |       |       |       |       |     3 |     3 |       ||     6
